 Dungeon Crawl Stone Soup version 0.27.1-2-g3b301248ec (webtiles) character file.

Game seed: 6986775630505544081

9046 Rickety the Thaumaturge (level 11, 0/81 HPs)
             Began as a Gnoll Venom Mage on Sept 23, 2021.
             Was a Priest of Sif Muna.
             Slain by a skeletal warrior (23 damage)
             ... on level 8 of the Dungeon.
             The game lasted 00:38:46 (12634 turns).

Rickety the Thaumaturge (Gnoll Venom Mage)         Turns: 12634, Time: 00:38:47

Health: 0/81       AC:  9    Str: 13    XL:     11   Next: 40%
Magic:  16/23      EV: 19    Int: 17    God:    Sif Muna [***...]
Gold:   474        SH:  0    Dex: 14    Spells: 7/26 levels left

rFire    . . .     SeeInvis .   b - +7 quarterstaff "Wann" {freeze, rPois rC+}
rCold    + . .     Faith    .   (shield currently unavailable)
rNeg     . . .     Spirit   .   F - +0 troll leather armour
rPois    +         Reflect  .   G - +1 helmet
rElec    .         Harm     .   k - +1 cloak {rPois}
rCorr    .         Rampage  .   (no gloves)
Will     .....                  (no boots)
Stlth    +++.......             (no amulet)
HPRegen  1.23/turn              g - +4 ring of evasion
MPRegen  0.18/turn              x - +6 ring of strength

@: no status effects
A: fangs 1, strong nose, distributed training
a: Renounce Religion, Channel Magic, Forget Spell


You were on level 8 of the Dungeon.
You worshipped Sif Muna.
Sif Muna was most pleased with you.
You visited 3 branches of the dungeon, and saw 12 of its levels.

You collected 485 gold pieces.
You spent 11 gold pieces at shops.

Inventory:

Hand Weapons
 a - a +1 dagger of electrocution
 b - the +7 quarterstaff "Wann" (weapon) {freeze, rPois rC+}
   (You found it on level 7 of the Dungeon)

   It freezes those it strikes, dealing additional cold damage.
   It can also slow down cold-blooded creatures.
   rC:        It protects you from cold.
   rPois:     It protects you from poison.
 c - a +1 dire flail of venom
 f - a +3 hunting sling
 l - a +0 morningstar
 H - a +6 war axe
Missiles
 p - 32 poisoned darts
 t - 52 sling bullets
 S - 2 throwing nets
Armour
 j - a +2 robe of willpower
 k - a +1 cloak of poison resistance (worn)
 A - a +3 leather armour of fire resistance
 F - a +0 troll leather armour (worn)
 G - a +1 helmet (worn)
 N - a +2 cloak
 P - a +2 buckler
 R - +0 steam dragon scales
 U - a +0 kite shield
Magical Staves
 T - a staff of cold
Jewellery
 g - a +4 ring of evasion (left hand)
 x - a +6 ring of strength (right hand)
 y - an amulet of magic regeneration
Wands
 e - a wand of flame (44)
 n - a wand of mindburst (16)
 u - a wand of iceblast (17)
 v - a wand of digging (5)
 V - a wand of polymorph (7)
Scrolls
 d - 4 scrolls of enchant armour {unknown}
 i - a scroll of summoning {unknown}
 m - 2 scrolls of fear
 o - a scroll of silence
 w - 3 scrolls of teleportation
 D - a scroll of magic mapping {unknown}
 I - a scroll of torment {unknown}
 J - a scroll of identify
 K - 3 scrolls of immolation {unknown}
 O - 2 scrolls of enchant weapon {unknown}
 Q - a scroll of noise {unknown}
 W - a scroll of acquirement {unknown}
 X - a scroll of fog {unknown}
Potions
 h - 4 potions of mutation
 q - 2 potions of flight
 r - 2 potions of berserk rage
 s - 2 potions of brilliance
 z - a potion of magic {unknown}
 B - a potion of might
 C - a potion of curing {unknown}
 E - 2 potions of haste {unknown}
 L - a potion of invisibility {unknown}
 M - a potion of resistance {unknown}


   Skills:
 + Level 6.2 Fighting
 + Level 6.2 Short Blades
 + Level 6.2 Long Blades
 + Level 6.2 Axes
 + Level 6.2 Maces & Flails
 + Level 6.2 Polearms
 + Level 6.2 Staves
 + Level 6.2 Slings
 + Level 6.2 Bows
 + Level 6.2 Crossbows
 + Level 6.2 Throwing
 + Level 6.2 Armour
 + Level 7.8 Dodging
 + Level 7.6 Stealth
 + Level 6.2 Shields
 + Level 6.2 Unarmed Combat
 + Level 8.1 Spellcasting
 + Level 5.2 Conjurations
 + Level 5.2 Hexes
 + Level 5.2 Summonings
 + Level 5.2 Necromancy
 + Level 5.2 Translocations
 + Level 5.6 Transmutations
 + Level 5.2 Fire Magic
 + Level 5.2 Ice Magic
 + Level 5.2 Air Magic
 + Level 5.2 Earth Magic
 + Level 7.6 Poison Magic
 + Level 6.9 Invocations
 + Level 6.2 Evocations


You had 7 spell levels left.
You knew the following spells:

 Your Spells              Type           Power      Damage    Failure   Level
a - Sting                 Tmut/Pois      100%       1d8       1%          1
e - Ensorcelled Hibernat  Hex/Ice        48%        N/A       2%          2
m - Mephitic Cloud        Conj/Pois/Air  27%        N/A       3%          3
t - Tukima's Dance        Hex            24%        N/A       4%          3
v - Poisonous Vapours     Pois/Air       56%        N/A       1%          2
x - Olgreb's Toxic Radia  Pois           32%        N/A       5%          4
F - Fulminant Prism       Conj/Hex       12%        3d9       16%         4

Your spell library contained the following spells:

 Spells                   Type           Power      Damage    Failure   Level
 Corona                   Hex            26%        N/A       1%          1
 Magic Dart               Conj           96%        1d7       1%          1
 Searing Ray              Conj           48%        3d5       2%          2
 Static Discharge         Conj/Air       24%        N/A       2%          2
 Dispel Undead            Necr           24%        3d12      16%         4
 Sticky Flame             Conj/Fire      24%        2d5       16%         4


Dungeon Overview and Level Annotations

Branches:
Dungeon (9/15)             Temple (1/1) D:5            Lair (2/6) D:8
  Swamp: Lair:2-4    Shoals: Lair:2-4     Snake: Lair:2-4    Spider: Lair:2-4
    Orc: D:9-12

Altars:
Ashenzari
Cheibriados
Dithmenos
Elyvilon
Fedhas
Gozag
Hepliaklqana
Kikubaaqudgha
Makhleb
Nemelex Xobeh
Okawaru
Qazlal
Ru
Sif Muna
Trog
Uskayaw
Vehumet
Wu Jian
Xom
Yredelemnul
Zin
The Shining One

Shops:
D:7 !

Annotations:
D:7 1 runed translucent door, eagelman13509's ghost, novice GnWn


Innate Abilities, Weirdness & Mutations

You have very sharp teeth.
Your uncanny sense of smell can sniff out nearby items.
Your experience applies equally to all skills.


Message History

You hit the skeletal warrior but do no damage.
Your bite misses the skeletal warrior.
The skeletal warrior is moderately damaged.
The skeletal warrior hits you with a +0 long sword!
You are too injured to fight recklessly!
You are too injured to fight recklessly!
Things that are here:
a +0 ring mail; a +0 mace
Okay, then.
Okay, then.
Aiming: Polymorph
Press: ? - help, Shift-Dir - straight line, f - you, p - skeletal warrior That beam is likely to hit you.
Continue anyway?
Okay, then.
Unknown command.
Aiming: Mindburst
Press: ? - help, Shift-Dir - straight line, f - skeletal warrior
Aim: a skeletal warrior, wielding a +0 long sword (moderately damaged, chance to affect: 22%)
The skeletal warrior resists with almost no effort.
The skeletal warrior hits you with a +0 long sword.
Things that are here:
a +0 ring mail; a +2 hand axe of freezing
Okay, then.
Okay, then.
Casting: Fulminant Prism (dangerous; 16% risk of failure)
Confirm with . or Enter, or press ? or * to list all spells.
You can't see any susceptible monsters within range! (Use Z to cast anyway.) Unknown command.
Casting: Fulminant Prism (dangerous; 16% risk of failure)
Confirm with . or Enter, or press ? or * to list all spells.
Aiming: Fulminant Prism (dangerous; 16% risk of failure)
Press: ? - help, Dir - move target, p - skeletal warrior You conjure a prism of explosive energy!
A fulminant prism comes into view.
The skeletal warrior closely misses you.
The skeletal warrior hits you with a +0 long sword!
* * * LOW HITPOINT WARNING * * *
Your fulminant prism crackles loudly.
The skeletal warrior hits you with a +0 long sword!!
You die...

...#..###############..##.#......
.#.#....................#.#######
.#.#....................'.#
.#.######################.# ###
.#.<# #..##.####.#.#####..
.#..#### ###..##..[[).........#
......<# #)........##.#########
.#..##.#####.....#....#.# ###
........(..).*.z@.......# #..
.#.#######.#.[........##### #.#
.#.# #..........#.....#####.#
...# ####.>.#.##.####....##.#
.########## #####.##.####.......#
......>...# #.#...##...(....#
#########.# #...............#
###.### ###...##........# #.....#
##.#####...##..


You could see a skeletal warrior (ally target) and a friendly fulminant prism.

Vanquished Creatures
  A hydra (Lair:1)
  A tengu warrior (D:8)
  Pikel (D:8)
  An ugly thing (D:8)
  An elephant (D:8)
  Joseph (D:8)
  2 cane toads (Lair:1)
  A black mamba (Lair:1)
  A rime drake (Lair:1)
  A komodo dragon (Lair:1)
  2 trolls
  Prince Ribbit (D:6)
  Sigmund (D:2)
  A yak (D:8)
  2 basilisks
  A wyvern (D:8)
  A steam dragon (D:8)
  Eustachio (D:5)
  A dancing weapon (D:8)
  Edmund (D:5)
  2 water moccasins (Lair:1)
  A sky beast (D:5)
  2 hornet zombies (D:8)
  2 ice beasts (D:6)
  A black bear (D:8)
  2 ogres
  3 centaurs
  2 phantoms
  4 bullfrogs
  2 gnoll sergeants (D:8)
  A wyvern zombie (D:8)
  2 scorpions
  6 wights
  2 killer bees (D:8)
  3 centaur zombies
  Crazy Yiuf (D:2)
  2 orc priests
  8 hounds
  3 jellies
  A centaur skeleton (D:6)
  12 orc wizards
  3 killer bee zombies
  A howler monkey skeleton (D:6)
  3 adders
  7 gnolls
  A shadow imp (D:8)
  A white imp (D:6)
  5 dart slugs
  38 orcs
  11 bats
  4 endoplasms
  4 giant cockroaches
  9 goblins
  3 hobgoblins
  3 jackals (D:1)
  4 kobolds
  5 quokkas
  9 ball pythons
  4 frilled lizards (D:1)
  6 rats
206 creatures vanquished.

Vanquished Creatures (collateral kills)
  An orc warrior (D:7)
  A centaur (D:8)
2 creatures vanquished.

Vanquished Creatures (others)
  A dancing weapon (D:8)
  9 fulminant prisms
10 creatures vanquished.

Grand Total: 218 creatures vanquished

Notes
Turn   | Place    | Note
-------+----------+-------------------------------------------
     0 | D:1      | Rickety the Gnoll Venom Mage began the quest for the Orb.
     0 | D:1      | Reached XP level 1. HP: 13/13 MP: 6/6
    61 | D:1      | Reached XP level 2. HP: 9/19 MP: 0/7
   126 | D:1      | Learned a level 2 spell: Poisonous Vapours
   477 | D:1      | Found a faded altar of an unknown god.
   632 | D:1      | Reached XP level 3. HP: 25/25 MP: 9/9
   657 | D:1      | Reached skill level 5 in Spellcasting
  1119 | D:1      | Reached skill level 1 in Invocations
  1319 | D:2      | Noticed Sigmund
  1642 | D:2      | Reached skill level 1 in Fighting
  1642 | D:2      | Reached skill level 1 in Short Blades
  1642 | D:2      | Reached skill level 1 in Long Blades
  1642 | D:2      | Reached skill level 1 in Axes
  1642 | D:2      | Reached skill level 1 in Maces & Flails
  1642 | D:2      | Reached skill level 1 in Polearms
  1642 | D:2      | Reached skill level 1 in Staves
  1642 | D:2      | Reached skill level 1 in Slings
  1642 | D:2      | Reached skill level 1 in Bows
  1642 | D:2      | Reached skill level 1 in Crossbows
  1642 | D:2      | Reached skill level 1 in Throwing
  1642 | D:2      | Reached skill level 1 in Armour
  1642 | D:2      | Reached skill level 1 in Shields
  1642 | D:2      | Reached skill level 1 in Unarmed Combat
  1642 | D:2      | Reached skill level 1 in Evocations
  1646 | D:2      | Learned a level 3 spell: Mephitic Cloud
  1907 | D:2      | Killed Sigmund
  1908 | D:2      | Reached skill level 1 in Conjurations
  1908 | D:2      | Reached skill level 1 in Hexes
  1908 | D:2      | Reached skill level 1 in Summonings
  1908 | D:2      | Reached skill level 1 in Necromancy
  1908 | D:2      | Reached skill level 1 in Translocations
  1908 | D:2      | Reached skill level 1 in Fire Magic
  1908 | D:2      | Reached skill level 1 in Ice Magic
  1908 | D:2      | Reached skill level 1 in Air Magic
  1908 | D:2      | Reached skill level 1 in Earth Magic
  1908 | D:2      | Reached XP level 4. HP: 33/33 MP: 1/11
  1908 | D:2      | Reached XP level 5. HP: 38/38 MP: 1/12
  1914 | D:2      | Learned a level 4 spell: Olgreb's Toxic Radiance
  2240 | D:2      | Found a runed translucent door.
  2241 | D:2      | Noticed Crazy Yiuf
  2766 | D:2      | Killed Crazy Yiuf
  2767 | D:2      | Reached XP level 6. HP: 9/44 MP: 5/13
  3568 | D:3      | Reached skill level 5 in Dodging
  4491 | D:4      | Reached XP level 7. HP: 41/50 MP: 4/15
  4796 | D:4      | Reached skill level 5 in Stealth
  5245 | D:5      | Entered Level 5 of the Dungeon
  5344 | D:5      | Noticed Edmund
  5356 | D:5      | Killed Edmund
  5585 | D:5      | Reached XP level 8. HP: 58/58 MP: 0/16
  5748 | D:5      | Found a staircase to the Ecumenical Temple.
  5768 | Temple   | Entered the Ecumenical Temple
  5846 | Temple   | Became a worshipper of Sif Muna the Loreminder
  6145 | D:5      | Reached skill level 6 in Spellcasting
  6314 | D:5      | Noticed Eustachio
  6319 | D:5      | Killed Eustachio
  7244 | D:6      | Learned a level 2 spell: Ensorcelled Hibernation
  7248 | D:6      | Learned a level 3 spell: Tukima's Dance
  7269 | D:6      | Reached XP level 9. HP: 56/65 MP: 18/18
  7730 | D:6      | Found a sacrificial altar of Ru.
  8033 | D:6      | Noticed Prince Ribbit
  8043 | D:6      | Killed Prince Ribbit
  8043 | D:6      | Reached * piety under Sif Muna
  8423 | D:7      | Noticed a troll
  8434 | D:7      | Killed a troll
  8722 | D:7      | Identified the +7 quarterstaff "Wann" {freeze, rPois rC+}
  9018 | D:7      | Found a runed translucent door.
  9024 | D:7      | Noticed eagelman13509's ghost (novice GnWn)
  9146 | D:7      | Reached skill level 5 in Invocations
  9172 | D:7      | Found Enisitz's Distillery.
  9175 | D:7      | Bought a potion of degeneration for 11 gold pieces
  9612 | D:8      | Noticed Pikel
  9620 | D:8      | Noticed Joseph
  9629 | D:8      | Killed Pikel
  9630 | D:8      | Reached skill level 7 in Spellcasting
  9630 | D:8      | Reached XP level 10. HP: 58/73 MP: 2/20
  9666 | D:8      | Killed Joseph
  9706 | D:8      | Reached skill level 5 in Fighting
  9706 | D:8      | Reached skill level 5 in Short Blades
  9706 | D:8      | Reached skill level 5 in Long Blades
  9706 | D:8      | Reached skill level 5 in Axes
  9706 | D:8      | Reached skill level 5 in Maces & Flails
  9706 | D:8      | Reached skill level 5 in Polearms
  9706 | D:8      | Reached skill level 5 in Staves
  9706 | D:8      | Reached skill level 5 in Slings
  9706 | D:8      | Reached skill level 5 in Bows
  9706 | D:8      | Reached skill level 5 in Crossbows
  9706 | D:8      | Reached skill level 5 in Throwing
  9706 | D:8      | Reached skill level 5 in Armour
  9706 | D:8      | Reached skill level 5 in Shields
  9706 | D:8      | Reached skill level 5 in Unarmed Combat
  9706 | D:8      | Reached skill level 5 in Evocations
 10019 | D:8      | Reached ** piety under Sif Muna
 10280 | D:8      | Found a staircase to the Lair.
 10280 | D:8      | Noticed an elephant
 10304 | D:8      | Killed an elephant
 10305 | D:8      | Reached skill level 5 in Transmutations
 10620 | D:8      | Noticed a purple ugly thing
 10630 | D:8      | Killed a purple ugly thing
 10753 | D:8      | Noticed a tengu warrior
 10795 | D:8      | Killed a tengu warrior
 10796 | D:8      | Reached XP level 11. HP: 63/81 MP: 4/22
 11154 | D:8      | Reached *** piety under Sif Muna
 11188 | Lair:1   | Entered Level 1 of the Lair of Beasts
 11397 | Lair:1   | Reached skill level 5 in Conjurations
 11397 | Lair:1   | Reached skill level 5 in Hexes
 11397 | Lair:1   | Reached skill level 5 in Summonings
 11397 | Lair:1   | Reached skill level 5 in Necromancy
 11397 | Lair:1   | Reached skill level 5 in Translocations
 11397 | Lair:1   | Reached skill level 5 in Fire Magic
 11397 | Lair:1   | Reached skill level 5 in Ice Magic
 11397 | Lair:1   | Reached skill level 5 in Air Magic
 11397 | Lair:1   | Reached skill level 5 in Earth Magic
 11460 | Lair:1   | You fall into a shaft and drop 1 floor!
 11502 | Lair:1   | Reached skill level 8 in Spellcasting
 11584 | Lair:1   | Noticed a four-headed hydra
 11624 | Lair:1   | Killed a four-headed hydra
 11796 | Lair:1   | Noticed an ice dragon
 11855 | Lair:1   | Learned a level 4 spell: Fulminant Prism
 12609 | D:8      | Noticed a skeletal warrior
 12634 | D:8      | Slain by a skeletal warrior

Illustrated notes

Levels and vault maps discovered:
D:1:      lemuel_arrival_room, layout_basic, shapermc_ecumenical_altar_venn
D:2:      layout_loops_cross, uniq_sigmund, uniq_crazy_yiuf_cottage
D:3:      layout_basic
D:4:      layout_cave_pools, hangedman_abyss_or_decor_stabs
D:5:      layout_gridville, minmay_temple_entry_glass, uniq_edmund,
          uniq_eustachio
D:6:      layout_loops_corners, hangedman_ru_absence,
          chequers_serial_rivers_micro_c, uniq_prince_ribbit1
D:7:      layout_basic, ebering_ghost_reflecting_pool, serial_shops,
          kennysheep_mini
D:8:      minmay_quarter_circles, layout_loops_ring, david_lair_generic,
          uniq_pikel, uniq_joseph
D:9:      layout_stronghold, erik_orc_3, serial_shops, shop,
          kennysheep_big_empty_room
Temple:   nicolae_temple_the_god_donut
Lair:1:   dragon1_lemuel, layout_chaotic_city, minivault_19
Lair:2:   layout_roguey, guppyfry_snake_entry_garden, lemuel_fruit_fields

Skill      XL: |  1  2  3  4  5  6  7  8  9 10 11 |
---------------+----------------------------------+-----
Transmutations | 2 3 4 5 |  5.6
Spellcasting   | 5 6 7 8 |  8.1
Invocations    | 1 2 3 4 5 6 |  6.9
Fighting       | 1 2 3 4 5 6 |  6.2
Short Blades   | 1 2 3 4 5 6 |  6.2
Long Blades    | 1 2 3 4 5 6 |  6.2
Axes           | 1 2 3 4 5 6 |  6.2
Maces & Flails | 1 2 3 4 5 6 |  6.2
Polearms       | 1 2 3 4 5 6 |  6.2
Staves         | 1 2 3 4 5 6 |  6.2
Slings         | 1 2 3 4 5 6 |  6.2
Bows           | 1 2 3 4 5 6 |  6.2
Crossbows      | 1 2 3 4 5 6 |  6.2
Throwing       | 1 2 3 4 5 6 |  6.2
Armour         | 1 2 3 4 5 6 |  6.2
Shields        | 1 2 3 4 5 6 |  6.2
Unarmed Combat | 1 2 3 4 5 6 |  6.2
Evocations     | 1 2 3 4 5 6 |  6.2
Conjurations   | 1 2 3 4 5 |  5.2
Hexes          | 1 2 3 4 5 |  5.2
Summonings     | 1 2 3 4 5 |  5.2
Necromancy     | 1 2 3 4 5 |  5.2
Translocations | 1 2 3 4 5 |  5.2
Fire Magic     | 1 2 3 4 5 |  5.2
Ice Magic      | 1 2 3 4 5 |  5.2
Air Magic      | 1 2 3 4 5 |  5.2
Earth Magic    | 1 2 3 4 5 |  5.2
Dodging        | 5 6 7 |  7.8
Stealth        | 5 6 7 |  7.6
Poison Magic   | 6 7 |  7.6

Action                   |  1- 3 |  4- 6 |  7- 9 | 10-12 || total
-------------------------+-------+-------+-------+-------++-------
Melee: Unarmed           |     9 |       |       |       ||     9
       Bite              |     2 |     3 |    24 |    16 ||    45
       Dagger            |    25 |    61 |   137 |   119 ||   342
       Punch             |       |     1 |     3 |     1 ||     5
       Morningstar       |       |       |    12 |       ||    12
       Dire flail        |       |       |    48 |       ||    48
       War axe           |       |       |    16 |       ||    16
       Quarterstaff      |       |       |    15 |    75 ||    90
 Cast: Sting             |    43 |    24 |    17 |     9 ||    93
       Poisonous Vapours |     3 |    41 |    42 |    24 ||   110
       Mephitic Cloud    |     1 |     6 |    23 |    21 ||    51
       Tukima's Dance    |       |       |     1 |     9 ||    10
       Fulminant Prism   |       |       |       |    10 ||    10
       Ensorcelled Hiber |       |       |       |     8 ||     8
Evoke: Wand              |       |       |       |     5 ||     5
  Use: Scroll            |       |       |     5 |     3 ||     8
       Potion            |       |       |       |     1 ||     1
 Stab: Sleeping          |    11 |     1 |     4 |     4 ||    20
       Confused          |       |     4 |    12 |    15 ||    31
Armor: Robe              |    10 |    19 |    26 |       ||    55
       Troll leather arm |       |       |    10 |    53 ||    63
Dodge: Dodged            |    55 |    83 |   212 |   215 ||   565
